 Dungeon Crawl Stone Soup version 0.24-a0-639-gb70a11d811 (webtiles) character file.

Game seed: 7291887309470326782, levelgen mode: deterministic

57194 Peloso the Peltast (level 14, -11/126 HPs)
             Began as a Minotaur Fighter on Sept 21, 2019.
             Was an Initiate of Gozag.
             Mangled by a manticore (23 damage)
             ... summoned by Kirke
             ... on level 15 of the Dungeon.
             The game lasted 00:58:41 (21441 turns).

Peloso the Peltast (Minotaur Fighter)              Turns: 21441, Time: 00:58:42

Health: -11/126    AC:  0    Str: 25    XL:     14   Next: 44%
Magic:  13/13      EV: 15    Int:  5    God:    Gozag
Gold:   889        SH:  0    Dex: 11    Spells: 13/13 levels left

rFire    . . .     SeeInvis .   (weapon currently unavailable)
rCold    . . .     Gourm    .   (shield currently unavailable)
rNeg     . . .     Faith    .   (armour currently unavailable)
rPois    .         Spirit   .   (helmet currently unavailable)
rElec    .         Reflect  .   (cloak currently unavailable)
rCorr    .         Harm     .   (gloves currently unavailable)
MR       +....                  (boots currently unavailable)
Stlth    ++........             (no amulet)
HPRegen  0.31/turn              (ring currently unavailable)
MPRegen  0.13/turn              (ring currently unavailable)

@: pig-form, very quick
A: small, (retaliatory headbutt)
a: Potion Petition, Call Merchant, Bribe Branch, Renounce Religion


You were on level 15 of the Dungeon.
You worshipped Gozag.
Gozag was pleased with you.
You were hungry.
You were a filthy swine.
You visited 3 branches of the dungeon, and saw 20 of its levels.
You also visited: Ossuary, Bailey and Gauntlet.

You collected 4865 gold pieces.
You spent 504 gold pieces at shops.
You paid 3472 gold pieces to Gozag.

Inventory:

Hand Weapons
 a - a +1 long sword
 x - the +9 rapier of Wealth (melded) {flame, rF+ Str-2 Dex+6}
   (You found it in a Gauntlet)

   It has been specially enchanted to burn those struck by it, causing extra
   injury to most foes and up to half again as much damage against particularly
   susceptible opponents.
   It affects your strength (-2).
   It affects your dexterity (+6).
   It protects you from fire.
 A - the +3 short sword "Ciesoyx" {pierce, Dex+6 Stlth+}
   (You found it on level 5 of the Dungeon)

   It inflicts extra damage upon your enemies.
   It affects your dexterity (+6).
   It makes you more stealthy.
Armour
 b - a +0 scale mail
 c - a +0 shield (melded)
 e - a +0 plate armour (melded)
 j - a +2 hat (melded)
 p - a +0 pair of gloves (melded)
 r - a +1 cloak (melded)
 K - a +1 pair of boots (melded)
Jewellery
 g - an uncursed ring of protection from cold
 h - an uncursed ring of positive energy
 k - an uncursed ring of ice
 q - the ring "Nupumof Keatz" (melded) {rF+++ rC+ rCorr Dex+2}
   (You found it in a Gauntlet)

   [ring of resist corrosion]

   It affects your dexterity (+2).
   It renders you almost immune to fire.
   It protects you from cold.
   It provides partial protection from all sources of acid and corrosion.
 t - a +1 ring of slaying
 u - an uncursed ring of protection from fire
 D - an uncursed ring of wizardry
 E - a +4 ring of slaying (melded)
 F - a +4 ring of dexterity
Wands
 d - a wand of iceblast (4)
 s - a wand of random effects (33)
 y - a wand of digging (8)
 L - a wand of polymorph (5)
 S - a wand of flame (12)
Scrolls
 m - 6 scrolls of teleportation
 o - 7 scrolls of fear
 v - 2 scrolls of fog
 w - 2 scrolls of magic mapping
 z - 2 scrolls of brand weapon
 G - 11 scrolls of identify
 I - a scroll of enchant weapon
 J - 8 scrolls of remove curse
 M - a scroll of silence {unknown}
 N - a scroll of blinking {unknown}
 O - a scroll of noise {unknown}
 P - 2 scrolls of enchant armour
 T - a scroll of amnesia
 V - a scroll of acquirement {unknown}
Potions
 i - 2 potions of heal wounds
 l - 4 potions of flight
 n - a potion of curing
 B - 2 potions of berserk rage
 C - 2 potions of mutation
 H - 2 potions of agility
 Q - a potion of cancellation {unknown}
 R - a potion of brilliance
Miscellaneous
 U - a lightning rod (4/4)
Comestibles
 f - 39 rations


   Skills:
 + Level 12.2 Fighting
 + Level 12.6(14.3) Short Blades
 + Level 12.8(15.1) Long Blades
 + Level 13.2 Armour
 + Level 3.0 Dodging
 + Level 3.7 Stealth
 + Level 15.2 Shields
 + Level 0.8 Evocations


You had 13 spell levels left.
You didn't know any spells.
Your spell library contained the following spells:

 Spells                   Type           Power        Failure   Level  Hunger
 Animate Skeleton         Necr           N/A          47%         1    ##.....
 Beastly Appendage        Tmut           #.....       47%         1    ##.....
 Freeze                   Ice            #...         47%         1    ##.....
 Magic Dart               Conj           #...         47%         1    ##.....
 Pain                     Necr           #...         47%         1    ##.....
 Shock                    Conj/Air       #...         47%         1    ##.....
 Blink                    Tloc           N/A          63%         2    ###....
 Call Imp                 Summ           #.......     63%         2    ###....
 Poisonous Vapours        Pois/Air       #.....       63%         2    ###....
 Shroud of Golubria       Chrm/Tloc      #.....       63%         2    ###....
 Slow                     Hex            #.......     63%         2    ###....
 Sticks to Snakes         Tmut           #.......     63%         2    ###....
 Throw Frost              Conj/Ice       #.....       63%         2    ###....
 Conjure Flame            Conj/Fire      #.......     85%         3    ####...
 Gell's Gravitas          Tloc           #.........   85%         3    ####...
 Lesser Beckoning         Tloc           #.........   85%         3    ####...
 Mephitic Cloud           Conj/Pois/Air  #.......     85%         3    ####...
 Ozocubu's Armour         Chrm/Ice       #.......     85%         3    ####...
 Regeneration             Chrm/Necr      #.........   85%         3    ####...
 Spider Form              Tmut/Pois      #.........   85%         3    ####...
 Static Discharge         Conj/Air       #.......     85%         3    ####...
 Teleport Other           Tloc           #.......     85%         3    ####...
 Vampiric Draining        Necr           #.........   85%         3    ####...
 Animate Dead             Necr           N/A          99%         4    #####..
 Ice Form                 Ice/Tmut       #.......     99%         4    #####..
 Leda's Liquefaction      Hex/Erth       #.........   99%         4    #####..
 Passage of Golubria      Tloc           N/A          99%         4    #####..
 Summon Ice Beast         Ice/Summ       #.......     99%         4    #####..
 Throw Icicle             Conj/Ice       #.......     99%         4    #####..
 Blade Hands              Tmut           #.........   100%        5    ######.
 Fireball                 Conj/Fire      #.........   100%        5    ######.
 Freezing Cloud           Conj/Ice/Air   #.........   100%        6    #######
 Iron Shot                Conj/Erth      #.........   100%        6    #######
 Poison Arrow             Conj/Pois      #.........   100%        6    #######
 Ring of Flames           Chrm/Fire      #.........   100%        7    #######
 Chain Lightning          Conj/Air       #.........   100%        8    #######
 Lehudib's Crystal Spear  Conj/Erth      #.........   100%        8    #######
 Fire Storm               Conj/Fire      #.........   100%        9    #######
 Glaciate                 Conj/Ice       #.........   100%        9    #######


Dungeon Overview and Level Annotations

Branches:
Dungeon (15/15)            Temple (1/1) D:6            Lair (4/6) D:8
 Shoals (0/4) Lair:3       Spider (0/4) Lair:3          Orc (0/2) D:9
 Vaults (0/5) D:14        Ossuary (visited)          Bailey (visited)
Gauntlet (visited)
 Depths: D:15

Altars:
Ashenzari
Cheibriados
Dithmenos
Elyvilon
Fedhas
Gozag
Hepliaklqana
Kikubaaqudgha
Makhleb
Nemelex Xobeh
Okawaru
Qazlal
Ru
Sif Muna
Trog
Uskayaw
Vehumet
Wu Jian
Xom
Yredelemnul
Zin
The Shining One
Lugonu

Shops:
D:4 ?!%*=   D:6 }   D:10 !   D:15 *   Lair:1 *[(

Annotations:
D:6 3 runed translucent doors, EnegeticOcto's ghost, novice SpBe
D:12 2 transporters
D:15 Kirke
Lair:2 3 runed translucent doors, bmj180's ghost, journeyman GrEE


Innate Abilities, Weirdness & Mutations

((You reflexively headbutt those who attack you in melee.))
((You have a pair of horns on your head.))


Message History

You miss something. Your headbutt misses something.
You block something's attack.
Unknown command.
You puncture something! You burn something! You headbutt something!
You block the sphinx's attack. The sphinx hits you but does no damage.
You block the sphinx's attack.
The harpy claws you but does no damage. x2
You hear some strange, mumbled words.
You turn into a filthy swine.
The +9 rapier of Wealth {flame, rF+ Str-2 Dex+6} melds into your body.
Your +1 cloak melds into your body.
Your +2 hat melds into your body.
Your +0 pair of gloves melds into your body.
Your +1 pair of boots melds into your body.
Your +0 shield melds into your body.
Your +0 plate armour melds into your body.
The ring "Nupumof Keatz" {rF+++ rC+ rCorr Dex+2} melds into your body.
Your +4 ring of slaying melds into your body.
The +9 rapier of Wealth {flame, rF+ Str-2 Dex+6} stops flaming.
The manticore bites you!!
You die...
Your body crumbles into a pile of gold.

).......#...$$.....#
.......##...........#..#
.....###...........$...##
.....##.................#
...####.......#.........#
....# #.......##........#
#..## ###.....#..........
#### #.....#{HH.......
##....HHh........
#....##..##....#
######...... .##
###.###.. ###


You could see a sphinx, a manticore and 2 harpies.

Vanquished Creatures
  Rupert (Lair:2)
  Gastronok (Lair:2)
  A minotaur (Gauntlet)
  A death ooze (Gauntlet)
  7 slime creatures
  Fannar (Lair:3)
  3 hydras
  A rakshasa (D:14)
  3 centaur warriors
  A catoblepas (Lair:4)
  A two-headed ogre (D:8)
  A queen ant (Gauntlet)
  A tengu warrior (D:15)
  Sonja (D:13)
  3 unseen horrors
  An orange crystal statue (D:13)
  A phantasmal warrior (D:14)
  9 ugly things
  Pikel (D:5)
  An oklob plant (Lair:3)
  6 cyclopes
  2 deep elf magi
  2 manticores
  Joseph (D:9)
  2 black mambas
  3 gargoyles
  Psyche (D:11)
  A spiny frog (Lair:2)
  2 rime drakes
  A kobold demonologist (D:10)
  4 komodo dragons
  4 yaktaurs
  A tengu conjurer (D:15)
  A queen bee (D:10)
  3 meliai (D:15)
  4 trolls
  A merfolk (D:9)
  A hornet (D:9)
  11 hippogriffs
  A centaur simulacrum (D:15)
  A vampire (D:9)
  A tarantella (shapeshifter) (D:14)
  Sigmund (D:3)
  2 redbacks
  6 wraiths
  4 wyverns
  10 yaks (Lair:2)
  2 basilisks
  4 hogs (D:15)
  A steam dragon (D:10)
  Menkaure (Ossuary)
  3 hungry ghosts
  A swamp worm (shapeshifter) (D:14)
  4 wargs (D:9)
  7 soldier ants
  10 water moccasins
  3 porcupines
  Duvessa (D:5)
  14 orc warriors
  3 ice beasts
  A phantom (D:6)
  5 ogres
  8 sky beasts
  A necrophage (D:3)
  12 wolves
  15 centaurs
  4 crocodiles
  2 elf zombies (Ossuary)
  2 big kobolds
  15 bullfrogs
  A gnoll sergeant (D:13)
  A wyvern zombie (D:11)
  4 scorpions
  Dowan (D:5)
  42 killer bees
  A howler monkey (D:11)
  2 bullfrog zombies (D:11)
  9 crimson imps
  A quasit (D:7)
  4 centaur zombies (Ossuary)
  4 jellies
  9 hounds
  A human zombie (Ossuary)
  8 orc priests
  6 bullfrog skeletons
  13 orc wizards
  7 centaur skeletons
  4 iguanas
  2 hell rats (Lair:2)
  10 worker ants
  A big kobold zombie (Ossuary)
  An ogre zombie (Ossuary)
  2 hound zombies
  A hound skeleton (D:7)
  7 mummies
  A worker ant zombie (D:8)
  Robin (D:2)
  13 gnolls
  A howler monkey skeleton (D:7)
  8 adders
  9 river rats (Lair:2)
  5 shadow imps
  2 oozes
  4 adder zombies (Ossuary)
  A worm (D:3)
  2 dart slugs (D:1)
  3 leopard geckos
  68 orcs
  2 ball pythons
  4 bats
  A giant cockroach (D:6)
  12 goblins
  9 hobgoblins
  8 jackals
  5 quokkas
  A frilled lizard (D:1)
  A gnoll zombie (Ossuary)
  2 goblin zombies (Ossuary)
  4 hobgoblin zombies (Ossuary)
  A jackal skeleton (D:6)
  16 kobolds
  3 kobold zombies (Ossuary)
  An orc zombie (Ossuary)
  3 quokka zombies (Ossuary)
  5 rats
  3 rat zombies (Ossuary)
  A fungus (Lair:1)
578 creatures vanquished.

Vanquished Creatures (others)
  A hornet zombie (D:5)
  2 slaves (D:5)
  An adder zombie (D:5)
  An adder skeleton (D:5)
  A quokka (D:5)
  14 demonic plants (Gauntlet)
  2 fungi
  10 withered plants (Gauntlet)
32 creatures vanquished.

Grand Total: 610 creatures vanquished

Notes
Turn   | Place    | Note
-------+----------+-------------------------------------------
     0 | D:1      | Peloso the Minotaur Fighter began the quest for the Orb.
     0 | D:1      | Reached XP level 1. HP: 19/19 MP: 0/0
   216 | D:1      | Reached XP level 2. HP: 21/27 MP: 1/1
   457 | D:1      | Reached skill level 4 in Shields
   726 | D:2      | Found a radiant altar of Vehumet.
   754 | D:2      | Noticed a scorpion
   761 | D:2      | Killed a scorpion
   761 | D:2      | Reached XP level 3. HP: 25/33 MP: 2/2
   761 | D:2      | Reached XP level 4. HP: 31/40 MP: 3/3
  1029 | D:2      | Noticed Robin
  1052 | D:2      | Killed Robin
  1409 | D:3      | Reached XP level 5. HP: 44/47 MP: 4/4
  1586 | D:3      | Noticed a necrophage
  1593 | D:3      | Killed a necrophage
  1593 | D:3      | Reached skill level 5 in Armour
  1640 | D:3      | Found a stormy altar of Qazlal.
  1682 | D:3      | Reached skill level 5 in Long Blades
  1730 | D:3      | Reached XP level 6. HP: 53/53 MP: 5/5
  1942 | D:3      | Noticed Sigmund
  1958 | D:3      | Killed Sigmund
  1958 | D:3      | Reached skill level 5 in Fighting
  1958 | D:3      | Reached skill level 5 in Shields
  2137 | D:4      | Found Zohag's Jewellery Boutique.
  2253 | D:4      | Found Pacueg Ybot's General Store.
  2263 | D:4      | Reached XP level 7. HP: 50/61 MP: 6/6
  2276 | D:4      | Found Douplu's Distillery.
  2281 | D:4      | Found Tamnamn's Food Shoppe.
  2331 | D:4      | Found Kidob's Magic Scroll Boutique.
  2355 | D:4      | Bought a scroll of identify for 24 gold pieces
  2355 | D:4      | Bought a scroll of fog for 24 gold pieces
  2355 | D:4      | Bought a scroll of magic mapping for 42 gold pieces
  2355 | D:4      | Bought a scroll of enchant armour for 90 gold pieces
  2582 | D:5      | Entered Level 5 of the Dungeon
  2740 | D:5      | Found a burning altar of Makhleb.
  2815 | D:5      | Noticed Pikel
  2839 | D:5      | Killed Pikel
  2839 | D:5      | Reached skill level 6 in Shields
  2839 | D:5      | Reached XP level 8. HP: 19/70 MP: 7/7
  3052 | D:5      | Found a snail-covered altar of Cheibriados.
  3053 | D:5      | Found an ornate altar of the Wu Jian Council.
  3148 | D:5      | Got a shimmering short sword
  3149 | D:5      | Identified the cursed +3 short sword "Ciesoyx" {pierce,
                  | Dex+6 Stlth+} (You found it on level 5 of the Dungeon)
  3215 | D:5      | Noticed Dowan
  3218 | D:5      | Noticed Duvessa
  3222 | D:5      | Killed Dowan
  3235 | D:5      | Killed Duvessa
  3566 | D:6      | Reached skill level 1 in Short Blades
  3613 | D:6      | Reached skill level 7 in Shields
  3625 | D:6      | Found Lic Caorch's Gadget Emporium.
  3633 | D:6      | Found a runed translucent gate.
  3633 | D:6      | Found a runed translucent gate.
  3633 | D:6      | Found a runed translucent gate.
  3647 | D:6      | Noticed EnegeticOcto's ghost (novice SpBe)
  3774 | D:6      | Found a staircase to the Ecumenical Temple.
  3833 | Temple   | Entered the Ecumenical Temple
  4014 | D:6      | Reached XP level 9. HP: 71/78 MP: 8/8
  4333 | D:7      | Reached skill level 8 in Shields
  4415 | D:7      | Noticed a troll
  4420 | D:7      | Killed a troll
  4420 | D:7      | Reached skill level 5 in Short Blades
  4431 | D:7      | Found a sand-covered staircase.
  4445 | Ossuary  | Entered an ossuary
  4501 | Ossuary  | Reached skill level 9 in Shields
  4827 | Ossuary  | Noticed Menkaure
  4838 | Ossuary  | Killed Menkaure
  5247 | D:7      | Found a glowing silver altar of Zin.
  5261 | D:7      | Found an opulent altar of Gozag.
  5262 | D:7      | Found a bloodstained altar of Trog.
  5263 | D:7      | Found a hide-covered altar of Uskayaw.
  5298 | D:7      | Found a hazy altar of Hepliaklqana.
  5298 | D:7      | Found a shattered altar of Ashenzari.
  5303 | D:7      | Became a worshipper of Gozag Ym Sagoz the Greedy
  5582 | D:8      | Reached XP level 10. HP: 80/86 MP: 9/9
  5604 | D:8      | Identified the Handbook of the Harmful Rocks
  5927 | D:8      | Found a glowing golden altar of the Shining One.
  6058 | D:8      | Found a staircase to the Lair.
  6157 | Lair:1   | Entered Level 1 of the Lair of Beasts
  6157 | Lair:1   | Noticed a black mamba
  6167 | Lair:1   | Killed a black mamba
  6167 | Lair:1   | Reached skill level 10 in Shields
  6251 | D:8      | Reached skill level 1 in Dodging
  6471 | D:8      | Noticed a two-headed ogre
  6477 | D:8      | Killed a two-headed ogre
  6891 | D:9      | Found an iron altar of Okawaru.
  6935 | D:9      | Found a white marble altar of Elyvilon.
  6944 | D:9      | Noticed Joseph
  6969 | D:9      | Killed Joseph
  6969 | D:9      | Reached skill level 11 in Shields
  7007 | D:9      | Found a staircase to the Orcish Mines.
  7070 | D:9      | Reached skill level 10 in Long Blades
  7968 | D:10     | Entered Level 10 of the Dungeon
  8005 | D:10     | Reached XP level 11. HP: 89/94 MP: 10/10
  8683 | D:10     | Reached skill level 12 in Shields
  9064 | D:10     | Found Kamevos's Distillery.
  9989 | Lair:2   | Noticed Gastronok
 10004 | Lair:2   | Killed Gastronok
 10004 | Lair:2   | Reached skill level 10 in Armour
 10199 | Lair:2   | Found a runed translucent gate.
 10204 | Lair:2   | Found the +4 skin of Zhor {Hibernate rC+++ SInv}
 10204 | Lair:2   | Found a runed translucent gate.
 10204 | Lair:2   | Found a runed translucent gate.
 10204 | Lair:2   | Noticed bmj180's ghost (journeyman GrEE)
 10343 | Lair:2   | Noticed a six-headed hydra
 10353 | Lair:2   | Killed an 11-headed hydra
 10353 | Lair:2   | Reached skill level 1 in Stealth
 10353 | Lair:2   | Reached XP level 12. HP: 97/105 MP: 11/11
 10368 | Lair:2   | You fall into a shaft and drop 2 floors!
 10413 | Lair:4   | Found a gate leading to a gauntlet.
 10422 | Gauntlet | Entered a Gauntlet
 10422 | Gauntlet | Found a transporter.
 10425 | Gauntlet | Found a large runed translucent door.
 10426 | Gauntlet | Found a large runed translucent door.
 10427 | Gauntlet | Found a large runed translucent door.
 10427 | Gauntlet | Found a large runed translucent door.
 10427 | Gauntlet | Found a runed translucent door.
 10427 | Gauntlet | Found a runed translucent door.
 10428 | Gauntlet | Found a large runed translucent door.
 10429 | Gauntlet | Found a large runed translucent door.
 10430 | Gauntlet | Found a large runed translucent door.
 10430 | Gauntlet | Found a large runed translucent door.
 10431 | Gauntlet | Found a large runed translucent door.
 10431 | Gauntlet | Found a large runed translucent door.
 10431 | Gauntlet | Found a large runed translucent door.
 10431 | Gauntlet | Found a large runed translucent door.
 10432 | Gauntlet | Found a large runed translucent door.
 10432 | Gauntlet | Found a large runed translucent door.
 10433 | Gauntlet | Found a large runed translucent door.
 10433 | Gauntlet | Found a large runed translucent door.
 10435 | Gauntlet | Found a transporter.
 10437 | Gauntlet | Found a transporter.
 10439 | Gauntlet | Found a transporter.
 10440 | Gauntlet | Noticed a queen ant
 10467 | Gauntlet | Found a transporter.
 10469 | Gauntlet | Found a transporter.
 10489 | Gauntlet | Found a transporter.
 10501 | Gauntlet | Found a transporter.
 10509 | Gauntlet | Found a transporter.
 10528 | Gauntlet | Found a transporter.
 10545 | Gauntlet | Found a transporter.
 10557 | Gauntlet | Found a transporter.
 10568 | Gauntlet | Noticed a reaper
 10569 | Gauntlet | Found a transporter.
 10581 | Gauntlet | Found a transporter.
 10593 | Gauntlet | Found a transporter.
 10611 | Gauntlet | Found a transporter.
 10630 | Gauntlet | Found a transporter.
 10632 | Gauntlet | Found a transporter.
 10633 | Gauntlet | Noticed a death ooze
 10634 | Gauntlet | Found a runed translucent gate.
 10634 | Gauntlet | Found a runed translucent gate.
 10634 | Gauntlet | Found a runed translucent gate.
 10967 | Gauntlet | Killed a queen ant
 11428 | Gauntlet | Killed a death ooze
 11428 | Gauntlet | Reached skill level 10 in Fighting
 11803 | Gauntlet | HP: 4/105 [poisoned by a reaper]
 11809 | Gauntlet | Got a coiled lapis lazuli ring
 11813 | Gauntlet | Identified the ring "Nupumof Keatz" {rF+++ rC+ rCorr Dex+2}
                  | (You found it in a Gauntlet)
 11897 | Gauntlet | Noticed a minotaur
 11921 | Gauntlet | HP: 1/106 [minotaur (14)]
 11925 | Gauntlet | Killed a minotaur
 11938 | Gauntlet | Got a crude rapier
 11941 | Gauntlet | Identified the +9 rapier of Wealth {flame, rF+ Str-2 Dex+6}
                  | (You found it in a Gauntlet)
 12393 | Lair:3   | Found a hole to the Spider Nest.
 12401 | Lair:3   | Noticed a catoblepas
 12619 | Lair:4   | Reached skill level 13 in Shields
 13069 | Lair:4   | Killed a catoblepas
 13145 | Lair:3   | Noticed Rupert
 13149 | Lair:3   | Paralysed by Rupert for 3 turns
 14200 | Lair:3   | Paralysed by Rupert for 4 turns
 14225 | Lair:2   | Killed Rupert
 14637 | Lair:3   | Noticed Fannar
 14655 | Lair:3   | Killed Fannar
 14704 | Lair:3   | Noticed a four-headed hydra
 14713 | Lair:3   | Killed a four-headed hydra
 14897 | Lair:3   | Reached XP level 13. HP: 110/114 MP: 12/12
 15073 | Lair:3   | Found a staircase to the Shoals.
 15815 | D:11     | Noticed Psyche
 15822 | D:11     | Killed Psyche
 16815 | D:12     | Found a transporter.
 16821 | D:12     | Reached skill level 10 in Short Blades
 16941 | D:12     | Found a flagged portal.
 17025 | Bailey   | Entered a bailey
 17472 | Bailey   | Reached skill level 14 in Shields
 18052 | D:12     | Found a transporter.
 18187 | D:12     | Found the +5 scythe "Finisher" {speed, eviscerate}
 19487 | D:13     | Found an iron altar of Okawaru.
 19488 | D:13     | Noticed Sonja
 19500 | D:13     | Killed Sonja
 20244 | D:14     | Reached XP level 14. HP: 93/125 MP: 13/13
 20421 | D:14     | Found a shadowy altar of Dithmenos.
 20502 | D:14     | Found a gate to the Vaults.
 20977 | D:14     | Reached skill level 15 in Shields
 21088 | D:15     | Entered Level 15 of the Dungeon
 21252 | D:15     | Found Noivinka's Assorted Antiques.
 21255 | D:15     | Bought a wand of digging (5) for 288 gold pieces
 21255 | D:15     | Bought a scroll labeled JOF ATTIOQUWERPH for 36 gold pieces
 21414 | D:15     | Noticed Kirke
 21416 | D:15     | Noticed a sphinx
 21441 | D:15     | Mangled by a manticore

Levels and vault maps discovered:
D:1:      giann_forest_graveyard, layout_basic
D:2:      layout_basic, fiery_altar_vehumet, uniq_robin
D:3:      layout_loops_ring, nicolae_qazlal_general_emergency, first_ration,
          corexii_shack, minmay_misc_feat_roman, uniq_sigmund
D:4:      layout_cave_pools, serial_shops, nicolae_shop_waterfront,
          nicolae_shop_waterfront, nicolae_shop_crystal, shop, shop
D:5:      layout_loops_ring, lemuel_crystal_altar,
          gammafunk_temple_overflow_pools, uniq_pikel, uniq_duvessa
D:6:      layout_loops_ring, temple_statues, gammafunk_ghost_nasty_kobolds,
          serial_shops, shop
D:7:      layout_rooms, grunt_temple_overflow_open, gup_ossuary_entry_pyramid,
          minmay_misc_feat_secret_circle
D:8:      layout_gridville, tso_metal_star
D:9:      layout_loops_cross, elyvilon_altar_4, minmay_orc_entry_guard_dogs,
          hangedman_fish_farm, grunt_ministairs_3, minmay_ruined_shrine,
          uniq_joseph
D:10:     layout_rooms, special_room [special_room_bee], serial_shops, shop,
          minmay_misc_feat_rows
D:11:     layout_stronghold, uniq_psyche
D:12:     gammafunk_cloud_chamber, layout_loops_cross,
          lightli_bailey_entry_fortress, nicolae_two_hexagons,
          minmay_guarded_unrand_finisher
D:13:     layout_roguey, minivault_15, okawaru_ov_weapons_minmay, uniq_sonja
D:14:     layout_loops_ring, david_vaults_4, nicolae_dithmenos_shadow_blocks
D:15:     hangedman_depths_entry_civil_slaughter, layout_cave_pools,
          minmay_misc_feat_enclosed, serial_shops, nicolae_shop_behind_doors,
          uniq_kirke
Temple:   kb_corrupted_temple
Lair:1:   layout_long_grid, infiniplex_staircase_pool
Lair:2:   layout_cave_pods, gammafunk_ghost_necromancy,
          chequers_serial_rivers_micro_b, kennysheep_rathole,
          grunt_megastairs_5, lemuel_fruit_tree, uniq_gastronok
Lair:3:   layout_cave_shapes, minmay_shoals_entry_centaurs,
          spider_nest_entry_webs, uniq_fannar, uniq_rupert
Lair:4:   layout_long_grid, gauntlet_entry_generic, minmay_lair_oklob_chamber

Skill      XL: |  1  2  3  4  5  6  7  8  9 10 11 12 13 14 |
---------------+-------------------------------------------+-----
Armour         | 4 5 6 7 9 10 11 12 13 | 13.2
Shields        | 4 5 6 7 9 11 12 13 14 15 | 15.2
Fighting       | 4 5 6 7 8 9 10 11 12 | 12.2
Long Blades    | 3 4 5 6 7 8 10 12 | 12.8
Short Blades   | 3 7 9 11 12 | 12.6
Dodging        | 1 2 3 |  3.0
Stealth        | 1 2 3 |  3.7
Evocations     | |  0.8

Action                   |  1- 3 |  4- 6 |  7- 9 | 10-12 | 13-15 || total
-------------------------+-------+-------+-------+-------+-------++-------
Melee: Long sword        |    57 |   138 |    87 |   667 |       ||   949
       Headbutt          |    10 |    29 |   103 |   226 |   173 ||   541
       Short sword       |       |       |   287 |       |       ||   287
       Rapier            |       |       |       |   158 |   596 ||   754
Invok: Potion Petition   |       |       |       |     3 |       ||     3
       Call Merchant     |       |       |       |     1 |     2 ||     3
Evoke: Wand              |       |       |       |     3 |     4 ||     7
  Use: Potion            |     4 |       |       |     8 |     3 ||    15
       Scroll            |     2 |       |    13 |     5 |     1 ||    21
 Stab: Distracted        |       |       |       |     4 |     6 ||    10
       Invisible         |       |       |       |    12 |       ||    12
  Eat: Chunk             |       |     5 |     7 |     1 |       ||    13
       Ration            |       |       |     1 |     9 |     6 ||    16
Armor: Plate armour      |    41 |   100 |   144 |   462 |   273 ||  1020
Dodge: Dodged            |    11 |    28 |    52 |   196 |   133 ||   420
Block: Shield            |    36 |    63 |   195 |   545 |   381 ||  1220
       Rpst.: Long sword |     2 |     7 |     2 |    39 |       ||    50

Table legend:
 A = Non-vault XP
 B = Vault XP
 C = Vault XP percentage of total XP
 D = Non-vault monster count
 E = Vault monster count
 F = Vault count percentage of total count
                 A         B        C        D         E       F
            +---------+---------+-------+---------+---------+-------
      Total |   55893 |   25813 |  31.6 |     378 |     199 |  34.5
            +---------+---------+-------+---------+---------+-------
        D:1 |      37 |       0 |   0.0 |      16 |       0 |   0.0
        D:2 |     111 |      37 |  25.0 |      11 |      12 |  52.2
        D:3 |     212 |     221 |  51.0 |      21 |       2 |   8.7
        D:4 |     216 |       0 |   0.0 |      11 |       0 |   0.0
        D:5 |     300 |     785 |  72.4 |       9 |       3 |  25.0
        D:6 |     925 |       0 |   0.0 |      21 |       0 |   0.0
        D:7 |    1719 |      18 |   1.0 |      30 |       1 |   3.2
        D:8 |    1780 |       0 |   0.0 |      22 |       0 |   0.0
        D:9 |     397 |    2523 |  86.4 |       6 |      22 |  78.6
       D:10 |    2538 |    1802 |  41.5 |      25 |      25 |  50.0
       D:11 |    2132 |     424 |  16.6 |      22 |       1 |   4.3
       D:12 |    7284 |    1146 |  13.6 |      39 |      17 |  30.4
       D:13 |    8881 |    1487 |  14.3 |      44 |       2 |   4.3
       D:14 |    8719 |     787 |   8.3 |      25 |       2 |   7.4
       D:15 |    6807 |    1711 |  20.1 |      18 |       5 |  21.7
     Lair:1 |    1079 |       0 |   0.0 |       5 |       0 |   0.0
     Lair:2 |    6629 |    5839 |  46.8 |      29 |      16 |  35.6
     Lair:3 |    4265 |    1564 |  26.8 |      16 |       5 |  23.8
     Lair:4 |    1862 |     220 |  10.6 |       8 |       1 |  11.1
    Ossuary |       0 |     802 | 100.0 |       0 |      37 | 100.0
     Bailey |       0 |    2278 | 100.0 |       0 |      39 | 100.0
   Gauntlet |       0 |    4169 | 100.0 |       0 |       9 | 100.0
            +---------+---------+-------+---------+---------+-------
